 Dungeon Crawl Stone Soup version 0.28-a0-655-g4eb62b627b (webtiles) character file.

Game seed: 17438083733740989830

51 mordus the Shield-Bearer (level 4, -2/35 HPs)
             Began as a Formicid Fighter on Oct 12, 2021.
             Slain by a gnoll (5 damage)
             ... on level 2 of the Dungeon.
             The game lasted 00:03:21 (1164 turns).

mordus the Shield-Bearer (Formicid Fighter)         Turns: 1164, Time: 00:03:22

Health: -2/35      AC:  7    Str: 22    XL:     4   Next: 7%
Magic:  4/4        EV:  9    Int:  7    God:
Gold:   60         SH:  4    Dex: 10    Spells: 3/3 levels left

rFire   . . .      SeeInvis +   e - +3 whip (venom)
rCold   . . .      Faith    .   c - +0 buckler
rNeg    . . .      Spirit   .   b - +0 scale mail
rPois   .          Reflect  .   (helmet unavailable)
rElec   .          Harm     .   (no cloak)
rCorr   .          Rampage  .   (no gloves)
Will    .....                   (no boots)
Stlth   ..........              (no amulet)
HPRegen 0.11/turn               (no ring)
MPRegen 0.09/turn               (no ring)

@: no status effects
A: permanent stasis, dig shafts and tunnels, antennae 3, four strong arms
a: Dig, Shaft Self


You were on level 2 of the Dungeon.
You visited 1 branch of the dungeon, and saw 2 of its levels.

You collected 60 gold pieces.

Inventory:

Hand Weapons
 a - a +0 long sword
 e - a +3 whip of venom (weapon)
Armour
 b - a +0 scale mail (worn)
 c - a +0 buckler (worn)
Scrolls
 f - a scroll of vulnerability {unknown}
 g - a scroll of noise {unknown}
 h - a scroll of fog {unknown}
 j - a scroll of identify {unknown}
 k - a scroll of brand weapon {unknown}
Potions
 d - a potion of might
 i - a potion of haste {unknown}


   Skills:
 - Level 3.2 Fighting
 * Level 3.2 Long Blades
 + Level 3.8 Armour
 + Level 4.1 Shields


You had 3 spell levels left.
You didn't know any spells.
Your spell library was empty.

Dungeon Overview and Level Annotations

Branches:
Dungeon (2/15)

Altars:


Innate Abilities, Weirdness & Mutations

You cannot be hasted, slowed, berserked, paralysed or teleported.
You can dig through walls and to a lower floor.
You have a pair of large antennae on your head. (SInv)
Your four strong arms can wield two-handed weapons with a shield.


Message History

The gnoll barely misses you. The gnoll hits you with a +0 whip.
You block the gnoll's attack. You block the gnoll's attack.
A gnoll comes into view. It is wielding a +0 whip.
The gnoll hits you with a +0 whip.
You hit the gnoll.
The gnoll is moderately wounded.
The gnoll hits you but does no damage.
The gnoll hits you from afar with a +0 spear.
The gnoll shouts!
You hit the gnoll.
The gnoll is poisoned.
The gnoll is heavily wounded.
The gnoll hits you from afar with a +0 spear.
The gnoll hits you with a +0 whip.
You hit the gnoll.
The gnoll looks as sick as possible!
The gnoll is almost dead.
You kill the gnoll!
The gnoll hits you from afar with a +0 spear.
You have reached level 4!
You feel stronger. The gnoll hits you but does no damage.
The gnoll barely misses you.
You hit the gnoll.
The gnoll is poisoned.
The gnoll is lightly wounded.
The gnoll hits you with a +0 flail.
You are too injured to fight recklessly!
You are too injured to fight recklessly!
You are too injured to fight recklessly!
You barely miss the gnoll.
The gnoll is moderately wounded.
You hit the gnoll.
The gnoll is poisoned.
The gnoll is moderately wounded.
The gnoll hits you from afar with a +0 spear.
The gnoll hits you with a +0 whip.
* * * LOW HITPOINT WARNING * * *
The gnoll hits you with a +0 flail.
* * * LOW HITPOINT WARNING * * *
The gnoll looks more healthy.
The gnoll hits you with a +0 flail.
You die...

#........# .. #........# ...
#........###....
.########...............
...................#.... ..
......(.##..#........... ....#
###g....##...........
.....##.)g######........$..
........####g@.............
...............g#....รท........
.. .....#.....g.#.#......>....
.>#.###.........#.#.........##
.#..# ######......######......
...#######........... .#..#?
..# #.............### .#...#
.####.#...#######.... . #.#
........### ####. . .#


You could see 3 gnolls.

Vanquished Creatures
  A gnoll (D:2)
  An adder (D:2)
  A bat (D:2)
  3 endoplasms
  2 giant cockroaches (D:1)
  6 goblins (D:1)
  2 hobgoblins
  4 jackals (D:1)
  2 quokkas (D:1)
  A ball python (D:1)
  2 frilled lizards
  A kobold (D:1)
  3 rats (D:1)
29 creatures vanquished.

Vanquished Creatures (others)
  3 plants (D:2)
3 creatures vanquished.

Grand Total: 32 creatures vanquished

Notes
Turn   | Place    | Note
-------+----------+-------------------------------------------
     0 | D:1      | mordus the Formicid Fighter began the quest for the Orb.
     0 | D:1      | Reached XP level 1. HP: 18/18 MP: 1/1
    87 | D:1      | Reached XP level 2. HP: 24/24 MP: 2/2
   264 | D:1      | Found a faded altar of an unknown god.
   531 | D:1      | Reached XP level 3. HP: 29/29 MP: 3/3
   627 | D:1      | Reached skill level 4 in Shields
  1153 | D:2      | Reached XP level 4. HP: 17/35 MP: 4/4
  1164 | D:2      | Slain by a gnoll

Illustrated notes

Levels and vault maps discovered:
D:1:      dpeg_arrival_windows_large_door, layout_basic,
          shapermc_ecumenical_altar_hornbeckon
D:2:      layout_rooms, guppyfry_early_lair_pool

Skill      XL: |  1  2  3 |
---------------+----------+-----
Shields        | 4 |  4.1
Long Blades    | 3 |  3.2
Fighting       | |  3.2
Armour         | |  3.8

Action                   |  1- 3 |  4- 6 || total
-------------------------+-------+-------++-------
Melee: Whip              |    71 |     3 ||    74
Armor: Scale mail        |    40 |     1 ||    41
Dodge: Dodged            |    28 |     1 ||    29
Block: Buckler           |    11 |       ||    11

Table legend: (Time is in decaauts)
 A = Elapsed time spent in this place.
 B = Non-inter-level travel time spent in this place.
 C = Inter-level travel time spent in this place.
 D = Time resting spent in this place.
 E = Time spent auto-exploring this place.
 F = Levels seen in this place.
 G = Mean time per level.
                   A        B        C        D        E       F      G
               +--------+--------+--------+--------+--------+-----+--------+
         Total |   1174 |   1148 |     26 |    184 |    742 |   2 |  587.0 |
       Dungeon |   1174 |   1148 |     26 |    184 |    742 |   2 |  587.0 |
               +--------+--------+--------+--------+--------+-----+--------+

Top non-repeatable levels by time:
     D:1: 897 daAuts
     D:2: 276 daAuts
